 Dungeon Crawl Stone Soup version 0.29.0-11-gd7f09526c8 (webtiles) character file.

Game seed: 12519984063689140856

4 Armakuni the Sneak (level 1, -3/18 HPs)
             Began as a Demigod Delver on Sept 2, 2022.
             Slain by an adder (4 damage)
             ... on level 4 of the Dungeon.
             The game lasted 00:02:13 (495 turns).

Armakuni the Sneak (Demigod Delver)                  Turns: 495, Time: 00:02:14

Health: -3/18      AC:  3    Str: 12 (13) XL:     1   Next: 40%
Magic:  3/3        EV: 11    Int: 11 (12) God:
Gold:   48         SH:  0    Dex: 14 (15) Spells: 0/0 levels left

rFire   . . .      SeeInvis .   a - +0 flail
rCold   . . .      Faith    .   (no shield)
rNeg    . . .      Spirit   .   b - +0 leather armour
rPois   .          Reflect  .   (no helmet)
rElec   .          Harm     .   (no cloak)
rCorr   .          Rampage  .   (no gloves)
Will    .....                   (no boots)
Stlth   ++........              (no amulet)
HPRegen 0.06/turn               (no ring)
MPRegen 0.08/turn               (no ring)

@: attractive, hasted, very quick
A: high MP 1, forlorn, divine attributes
a: no special abilities


You were on level 4 of the Dungeon.
You visited 1 branch of the dungeon, and saw 4 of its levels.

You collected 48 gold pieces.

Inventory:

Hand Weapons
 a - a +0 flail (weapon)
Armour
 b - a +0 leather armour (worn)
Wands
 g - a wand of digging (3)
Scrolls
 c - a scroll of fog
 d - 2 scrolls of magic mapping
 e - a scroll of fear


   Skills:
 - Level 2.6 Fighting
 - Level 1.7(1.9) Maces & Flails
 + Level 1.0(1.5) Staves
 - Level 1.7 Dodging
 - Level 4.5 Stealth


You couldn't memorise any spells.
You didn't know any spells.
Your spell library was empty.

Dungeon Overview and Level Annotations

Branches:
Dungeon (7/15)
 Temple: D:4-7

Annotations:
D:4 Dowan, Duvessa


Innate Abilities, Weirdness & Mutations

You have an increased reservoir of magic. (+10% MP)
You shall have no god before yourself.
Your divine heritage dramatically boosts your attributes as you level up.


Message History

You closely miss the adder. The adder closely misses you. x2
You closely miss the adder. The adder barely misses you. The adder bites you.
You miss the adder. The adder barely misses you. The adder bites you.
You barely miss the adder. The adder misses you.
You completely miss the adder. The adder bites you.
You are poisoned.
The adder poisons you! The adder bites you but does no damage.
You hit the adder.
The adder is heavily wounded.
You feel sick. The adder bites you but does no damage.
The adder barely misses you.
You barely miss the adder. You punch the adder, but do no damage.
The adder is heavily wounded.
You feel sick. The adder barely misses you. The adder closely misses you.
It was a potion of brilliance.
You feel clever all of a sudden.
You feel sick. The adder bites you.
It was a potion of degeneration.
There was something very wrong with that liquid.
You feel weakened.
You feel dopey.
You feel clumsy.
You feel sick.
You are no longer poisoned.
The adder bites you.
* * * LOW HITPOINT WARNING * * *
It was a potion of cancellation.
Your magical effects are unravelling.
You feel magically purged.
You feel a little less clever now. The adder barely misses you.
It was a potion of magic.
Magic courses through your body. The adder closely misses you.
The adder bites you but does no damage.
It was a potion of attraction.
You feel attractive to monsters. The adder misses you.
You feel yourself speed up. The adder bites you.
* * * LOW HITPOINT WARNING * * *
You closely miss the adder.
The adder is heavily wounded.
The adder bites you.
You die...

#.#.# #.# #.#
#########.#.# #.# #.#
..........#.# #.# #.#
h>.......##.####.# #.#
# #........##.# #.# ##_
###.##.#.##.# #.#
#...####.)>..#.##.# #.#
......S##.####.##.# #.#
#.@###....##.# #.# _.
##.._#######.# #.#
#..#######..#########.#
#.#
#...).....##.........#
#.#
#####.#####.#.########
#.# #'#.....#.##### #.#
#.......#.#...# #.#
######..#.#.#.# #.#
####.#.#.# #.#


You could see an adder.

Vanquished Creatures
  A dart slug (D:4)
  A hobgoblin (D:4)
2 creatures vanquished.

Notes
Turn   | Place    | Note
-------+----------+-------------------------------------------
     0 | D:5      | Armakuni the Demigod Delver began the quest for the Orb.
     0 | D:5      | Reached XP level 1. HP: 18/18 MP: 3/3
    68 | D:7      | Noticed an iguana
    81 | D:5      | Noticed an orc priest
   159 | D:6      | Noticed a jelly
   190 | D:6      | Noticed an orc wizard
   205 | D:5      | Noticed a hound
   221 | D:5      | Noticed an iguana
   231 | D:5      | Noticed a necrophage
   276 | D:4      | Noticed Duvessa
   276 | D:4      | Noticed Dowan
   409 | D:5      | Noticed a phantom
   413 | D:4      | Noticed a hound
   451 | D:4      | Reached skill level 1 in Staves
   495 | D:4      | Slain by an adder

Illustrated notes

Levels and vault maps discovered:
D:4:      layout_basic, chequers_temple_overflow_minitemple,
          serial_park_tiny_pond, chequers_arboretum, kennysheep_generic_room_9,
          uniq_duvessa
D:5:      layout_rooms, mainiacjoe_overflow_divided_tiny,
          minmay_temple_entry_mist, lightli_minifort
D:6:      layout_cave_pools, minmay_misc_feat_rugged, minivault_22,
          uniq_prince_ribbit1
D:7:      layout_basic, mainiacjoe_overflow_concentric_impassable,
          serial_bayou_pond_d, uniq_maggie

Skill      XL: |  1 |
---------------+----+-----
Staves         | 1 |  1.0
Fighting       | |  2.6
Maces & Flails | |  1.7
Dodging        | |  1.7
Stealth        | |  4.5

Action                   || total
-------------------------++-------
Melee: Flail             ||    17
       Punch             ||     2
  Use: Potion            ||     6
Armor: Leather armour    ||     5
Dodge: Dodged            ||    21
